 Dungeon Crawl Stone Soup version 0.23-a0-650-ga4d50d4 (webtiles) character file.

219 Lanoc the Slasher (level 5, -2/47 HPs)
             Began as a Minotaur Chaos Knight on Jan 3, 2019.
             Was a Plaything of Xom.
             Slain by a gnoll
             ... wielding a +0 flail
              (4 damage)
             ... on level 3 of the Dungeon.
             The game lasted 00:02:57 (1402 turns).

Lanoc the Slasher (Minotaur Chaos Knight)           Turns: 1402, Time: 00:02:57

Health: -2/47      AC:  5    Str: 17    XL:     5   Next: 63%
Magic:  4/4        EV: 12    Int:  9    God:    Xom [*.....]
Gold:   141        SH:  0    Dex: 10    Spells: 4/4 levels left

rFire    . . .     SeeInvis .   a - +0 falchion (chaos)
rCold    . . .     Gourm    .   (no shield)
rNeg     . . .     Faith    .   b - +2 leather armour
rPois    .         Spirit   .   (helmet restricted)
rElec    .         Reflect  .   (no cloak)
rCorr    .         Harm     .   (no gloves)
MR       .....                  (no boots)
Stlth    +.........             h - amulet of magic regeneration
HPRegen  0.15/turn              (no ring)
MPRegen  0.34/turn              (no ring)

@: no status effects
A: retaliatory headbutt, horns 2
a: Renounce Religion


You were on level 3 of the Dungeon.
You worshipped Xom.
You were a special plaything of Xom.
You were not hungry.

You visited 1 branch of the dungeon, and saw 3 of its levels.

You collected 141 gold pieces.

Inventory:

Hand Weapons
 a - a +0 falchion of chaos (weapon)
 m - a +3 vampiric short sword
Armour
 b - a +2 leather armour (worn)
Jewellery
 h - an amulet of magic regeneration (around neck)
Scrolls
 d - 3 scrolls of amnesia {unknown}
 g - a scroll of enchant weapon {unknown}
 j - a scroll of fear {unknown}
 k - 2 scrolls of identify {unknown}
 n - a scroll of magic mapping {unknown}
 o - a scroll of random uselessness {unknown}
 q - a scroll of remove curse {unknown}
 s - a scroll of fog {unknown}
Potions
 e - a potion of brilliance {unknown}
 i - a potion of haste {unknown}
 l - 2 potions of degeneration {unknown}
 r - a potion of curing {unknown}
Comestibles
 c - 5 rations
 p - a chunk of flesh


   Skills:
 + Level 4.6 Fighting
 * Level 5.7 Long Blades
 + Level 3.8 Armour
 + Level 2.8 Dodging


You had 4 spell levels left.
You didn't know any spells.
Your spell library contained the following spells:

 Spells                   Type           Power        Failure   Level  Hunger
 Confusing Touch          Hex            #.....       43%         1    ##.....
 Confuse                  Hex            #.......     82%         3    ####...
 Gell's Gravitas          Tloc           #.........   82%         3    ####...
 Petrify                  Tmut/Erth      #.......     99%         4    #####..
 Metabolic Englaciation   Hex/Ice        #.........   100%        5    ######.
 Yara's Violent Unravell  Hex/Tmut       #.........   100%        5    ######.


Dungeon Overview and Level Annotations

Branches:
Dungeon (3/15)

Altars:
Kikubaaqudgha


Innate Abilities, Weirdness & Mutations

You reflexively headbutt those who attack you in melee.
You have a pair of horns on your head.


Message History

You feel your dexterity returning. The gnoll closely misses you.
The gnoll hits you with a +0 flail. The gnoll hits you with a +0 spear.
* * * LOW HITPOINT WARNING * * *
The gnoll barely misses you.
You closely miss the gnoll. The gnoll hits you with a +0 spear.
* * * LOW HITPOINT WARNING * * *
You barely miss the gnoll. You headbutt the gnoll!
The gnoll is severely wounded.
The gnoll closely misses you. The gnoll barely misses you.
You furiously retaliate!
You headbutt the gnoll!
You kill the gnoll!
You closely miss the gnoll.
The gnoll is heavily wounded.
The gnoll hits you with a +0 flail!
* * * LOW HITPOINT WARNING * * *
You closely miss the gnoll. Your headbutt misses the gnoll.
The gnoll is heavily wounded.
The gnoll hits you with a +0 flail.
You die...

#....###..#(####.### ###
.....#...##(####.# ....
..........)......#### .....
####......(........†#...?..
..##......)).......g.......
..........)......####......
......#..........# .....
..[.............)# ####
..#####........g@# #.#
#..........# ..#
#........).#### .##
#.............#### .#
#########.###....# .# #.#
####.### .# #.# #...# .#
#.# ###.# )# #########.##
##.###


You could see a gnoll.

Vanquished Creatures
  A centaur zombie (D:3)
  A crimson imp (D:2)
  Terence (D:2)
  3 gnolls (D:3)
  4 adders
  4 worms
  2 orcs (D:3)
  3 bats (D:3)
  2 giant cockroaches (D:1)
  9 goblins
  2 hobgoblins
  2 jackals (D:1)
  7 kobolds
  4 quokkas
  A ball python (D:3)
  3 frilled lizards
  6 rats
55 creatures vanquished.

Notes
Turn   | Place    | Note
-------+----------+-------------------------------------------
     0 | D:1      | Lanoc the Minotaur Chaos Knight began the quest for the
                  | Orb.
     0 | D:1      | Reached XP level 1. HP: 19/19 MP: 0/0
    96 | D:1      | XOM: silly message
   120 | D:2      | Reached XP level 2. HP: 27/27 MP: 1/1
   137 | D:2      | Reached skill level 4 in Long Blades
   191 | D:2      | Found an ancient bone altar of Kikubaaqudgha.
   198 | D:2      | Noticed Terence
   204 | D:2      | XOM: potion effect (berserk rage)
   204 | D:2      | Killed Terence
   204 | D:2      | Reached XP level 3. HP: 33/33 MP: 2/2
   233 | D:2      | XOM: harmless Fire miscast
   365 | D:2      | XOM: divination: detect creatures
   401 | D:2      | XOM: smoke on damage
   403 | D:2      | Reached XP level 4. HP: 12/40 MP: 3/3
   569 | D:2      | XOM: silly message
   596 | D:2      | Reached skill level 5 in Long Blades
   934 | D:3      | Reached XP level 5. HP: 34/47 MP: 4/4
  1384 | D:3      | XOM: potion effect (curing)
  1394 | D:3      | XOM: stat loss: -1 Dex (9/10)
  1401 | D:3      | HP: 2/47 [gnoll/+0 flail (11)]
  1402 | D:3      | Slain by a gnoll

Vault maps used:
D:1:      ebering_hopf_link
D:2:      old_standard_altar, minmay_hedge_maze,
          hangedman_decor_clover_reticule, uniq_terence

Skill      XL: |  1  2  3  4 |
---------------+-------------+-----
Long Blades    | 4 5 |  5.7
Fighting       | 4 |  4.6
Armour         | 3 |  3.8
Dodging        | 2 |  2.8

Action                   |  1- 3 |  4- 6 || total
-------------------------+-------+-------++-------
Melee: Falchion          |    37 |    79 ||   116
       Headbutt          |    11 |    18 ||    29
  Use: Potion            |       |     1 ||     1
 Stab: Paralysed         |       |     1 ||     1
  Eat: Chunk             |       |     2 ||     2
Armor: Leather armour    |     8 |    19 ||    27
Dodge: Dodged            |    24 |    53 ||    77
       Rpst.: Falchion   |     6 |    12 ||    18

Table legend:
 A = Non-vault XP
 B = Vault XP
 C = Vault XP percentage of total XP
 D = Non-vault monster count
 E = Vault monster count
 F = Vault count percentage of total count
                 A         B        C        D         E       F
            +---------+---------+-------+---------+---------+-------
      Total |     277 |      36 |  11.5 |      54 |       1 |   1.8
            +---------+---------+-------+---------+---------+-------
        D:1 |      11 |       0 |   0.0 |       7 |       0 |   0.0
        D:2 |     115 |      36 |  23.8 |      20 |       1 |   4.8
        D:3 |     151 |       0 |   0.0 |      27 |       0 |   0.0
            +---------+---------+-------+---------+---------+-------
